cohdb
Replays
Latest Replays
All Replays
Popular Replays
Top Player Replays
Match Explorer
How It Works
Community
CoH3 Stats
Reddit
Sign in to upload your games and track your stats! →
Sign in with Steam
Match 44506210
Unlisted
Match 44506210
Overview
Messages
Build Orders
End
Engineer Squad
Construct Barracks
1⁄4-ton 4x4 Truck
Riflemen Squad
Riflemen Squad
Grenade Package
Riflemen Squad
Construct Weapon Support Center
Infantry Support Center
Selects Heavy Weapons
Selects Assault Carriers
Selects Exchangeable Parts
M3 Assault Carrier
M1918 Browning Automatic Rifles
Construct Medical Station
Advanced Logistics
M1919 Machine Gun Team
M3 Assault Carrier
M3 Assault Carrier
M3 Assault Carrier
Riflemen Squad
M3 Assault Carrier
Munitions Surplus
dan legend
Hetman
jimmy82lao
Gaylord Thistlebottom VII
_StArK_
Goodbye Brother
0
0
Comments
sign in to comment!
No comments posted yet!